 Dungeon Crawl Stone Soup version 0.25-a0-737-g26c3a87 (webtiles) character file.

Game seed: 1682672642663188319, levelgen mode: deterministic

234 Charmandara the Ruffian (level 6, -1/63 HPs)
             Began as an Octopode Fighter on Apr 12, 2020.
             Slain by an orc wizard
             ... wielding a +0 dagger
              (5 damage)
             ... on level 4 of the Dungeon.
             The game lasted 00:04:40 (2469 turns).

Charmandara the Ruffian (Octopode Fighter)          Turns: 2469, Time: 00:04:41

Health: -1/63      AC:  1    Str: 16    XL:     6   Next: 5%
Magic:  6/6        EV: 11    Int: 12    God:
Gold:   155        SH: 10    Dex: 11    Spells: 5/5 levels left

rFire    . . .     SeeInvis .     - Unarmed
rCold    . . .     Gourm    .   a - +2 kite shield
rNeg     . . .     Faith    .   (helmet restricted)
rPois    .         Spirit   .   i - amulet of rage {+Rage, !d}
rElec    .         Reflect  .   (no ring)
rCorr    .         Harm     .   (no ring)
MR       .....                  (no ring)
Stlth    ..........             (no ring)
HPRegen  0.20/turn              (no ring)
MPRegen  0.10/turn              (no ring)
                                (no ring)
                                (no ring)

@: berserking, very quick
A: almost no armour, stealthy swim, amphibious, 8 rings, constrict 8, camouflage
1, gelatinous body 1
a: Evoke Berserk Rage


You were on level 4 of the Dungeon.
You were near starving.

You visited 1 branch of the dungeon, and saw 4 of its levels.

You collected 155 gold pieces.

Inventory:

Hand Weapons
 e - a +0 short sword
   (You found it on level 1 of the Dungeon)
 g - a +1 club
   (You took it off a goblin on level 1 of the Dungeon)
Missiles
 h - 23 stones (quivered)
 l - 16 sling bullets
 n - 2 throwing nets {=f, !d}
Armour
 a - a +2 kite shield (worn)
Jewellery
 i - an amulet of rage (around mantle) {+Rage, !d}
   (You took it off a hobgoblin on level 1 of the Dungeon)
 p - a +5 ring of evasion {unknown}
   (You found it on level 2 of the Dungeon)
Scrolls
 f - 4 scrolls of remove curse
 j - a scroll of fear
Potions
 b - a potion of might
 d - 2 potions of curing
Comestibles
 c - 7 rations


   Skills:
 - Level 3.0 Fighting
 - Level 3.0 Dodging
 - Level 4.5 Stealth
 - Level 3.0 Shields
 * Level 5.1 Unarmed Combat
 + Level 0.0 Evocations


You had 5 spell levels left.
You didn't know any spells.
Your spell library was empty.

Dungeon Overview and Level Annotations

Branches:
Dungeon (4/15)
 Temple: D:4-7

Altars:
Cheibriados
Hepliaklqana
Xom


Innate Abilities, Weirdness & Mutations

You cannot wear most types of armour.
You are very stealthy in the water. (Stealth+)
You are amphibious.
You can wear up to eight rings at the same time.
You can use your tentacles to constrict eight enemies at once.
Your skin changes colour to match your surroundings (Stealth+).
Your rubbery body absorbs attacks. (AC +1, EV +1)


Message History

Things that are here:
a +0 club; a gnoll corpse You butcher the gnoll corpse.
r - a chunk of flesh {@w0}
Things that are here:
a +0 club; a gnoll skeleton You start waiting.
All of the chunks of flesh in your inventory have rotted away.
Done waiting.
Things that are here:
a +0 spear; a gnoll skeleton
Found an escape hatch in the ceiling.
You now have 155 gold pieces (gained 6).
You are feeling hungry.
Done exploring.
Done exploring.
Done exploring.
Done exploring.
Done exploring.
Done exploring.
(D) Dungeon
Where to? (Enter - D:3, ? - help)
There is a stone staircase leading down here.
You climb downwards.
You hear the sound of rushing water.
There is an entrance to a sewer on this level.
Hurry and find it before the portal rusts away!
There is a stone staircase leading up here.
As you read the scroll of identify, it crumbles to dust.
f - 4 scrolls of remove curse
As you read the scroll of identify, it crumbles to dust.
k - 2 scrolls of enchant armour
As you read the scroll of identify, it crumbles to dust.
j - a scroll of fear
As you read the scroll of enchant armour, it crumbles to dust.
Your +0 kite shield glows green for a moment.
As you read the scroll of enchant armour, it crumbles to dust.
Your +1 kite shield glows green for a moment.
As you read the scroll labeled LEBEDD NEONU, it crumbles to dust.
It is a scroll of enchant weapon.
Your +0 club glows red for a moment.
As you read the scroll labeled XIOSOX XOBY, it crumbles to dust.
You feel strangely unstable.
It was a scroll of teleportation.
Unknown command.
Your surroundings suddenly seem different.
An orc wizard comes into view. It is wielding a +0 dagger.
Unknown command.
An orc wizard comes into view. It is wielding a +0 dagger.
An orc priest comes into view. It is wielding a +0 falchion.
An orc comes into view.
Unknown command.
Okay, then.
Okay, then.
The orc wizard shouts! x2
Unknown command.
Unknown command.
You fail to use your ability.
The orc wizard casts a spell at you. The magic dart hits you!
You take 7 damage, and have 35/42 hp.
Unknown command.
You fail to use your ability.
The orc wizard barely misses you.
The orc priest calls down the wrath of Beogh upon you.
Beogh smites you!
You take 9 damage, and have 26/42 hp.
MASSIVE DAMAGE!!
You fail to use your ability.
The orc wizard hits you with a +0 dagger.
You take 5 damage, and have 21/42 hp.
Unknown command.
Okay, then.
The orc wizard gestures at you while chanting.
The magic dart hits you!
You take 8 damage, and have 13/42 hp.
A red film seems to cover your vision as you go berserk!
You feel yourself moving faster!
You feel mighty!
You are near starving!
You now have 20/63 hp.
Unknown command.
You bludgeon the orc wizard! Your grab misses the orc wizard.
Your squeeze misses the orc wizard.
The orc wizard mumbles some strange words.
The orc wizard blinks!
The orc hits you.
* * * LOW HITPOINT WARNING * * *
You take 3 damage, and have 17/63 hp.
You feel a strong urge to attack something.
The orc wizard hits you with a +0 dagger.
* * * LOW HITPOINT WARNING * * *
You take 4 damage, and have 13/63 hp.
Unknown command.
Unknown command.
You tentacle-slap the orc priest. Your grab misses the orc priest.
You squeeze the orc priest!
The orc priest invokes the aid of Beogh against you.
Beogh smites you!
* * * LOW HITPOINT WARNING * * *
The orc wizard hits you with a +0 dagger.
You die...

### ....###..#
#..##.......#
#...........##
.............#
#............#
#.......#
##o..8.8##
##...#..##
#.o@o....#
#..#o.##....
#..#..# ....
....#.8....##.
..8..#.....##
......###8....#
..#... #..8.#
#.###. ..#...
.#####


You could see an orc priest, 2 orc wizards and an orc.

Vanquished Creatures
  2 orc priests
  2 orc wizards
  4 gnolls (D:3)
  An adder (D:2)
  2 oozes
  4 worms (D:2)
  A dart slug (D:1)
  4 orcs
  A ball python (D:1)
  7 bats
  A giant cockroach (D:2)
  5 goblins
  7 hobgoblins
  6 jackals
  A frilled lizard (D:1)
  2 kobolds (D:2)
  6 rats
56 creatures vanquished.

Notes
Turn   | Place    | Note
-------+----------+-------------------------------------------
     0 | D:1      | Charmandara the Octopode Fighter began the quest for the
                  | Orb.
     0 | D:1      | Reached XP level 1. HP: 16/16 MP: 1/1
    86 | D:1      | Reached skill level 1 in Stealth
   103 | D:1      | Reached XP level 2. HP: 21/21 MP: 2/2
   346 | D:1      | Reached skill level 3 in Unarmed Combat
   401 | D:1      | Reached XP level 3. HP: 26/26 MP: 3/3
   403 | D:1      | Reached skill level 2 in Stealth
   873 | D:2      | Reached XP level 4. HP: 31/31 MP: 4/4
   879 | D:2      | Reached skill level 3 in Stealth
   879 | D:2      | Reached skill level 4 in Unarmed Combat
  1253 | D:2      | Reached XP level 5. HP: 31/36 MP: 5/5
  1672 | D:3      | Reached skill level 4 in Stealth
  1747 | D:3      | Found a hide-covered altar of Uskayaw.
  1749 | D:3      | Found a shimmering altar of Xom.
  1749 | D:3      | Found a glowing silver altar of Zin.
  1751 | D:3      | Found a hazy altar of Hepliaklqana.
  1751 | D:3      | Found a shimmering altar of Xom.
  1751 | D:3      | Found a snail-covered altar of Cheibriados.
  2000 | D:3      | Reached skill level 5 in Unarmed Combat
  2011 | D:3      | Reached XP level 6. HP: 26/42 MP: 6/6
  2468 | D:4      | HP: 13/63 [orc wizard/+0 dagger (4)]
  2469 | D:4      | HP: 4/63 [orc priest/divine providence (9)]
  2469 | D:4      | Slain by an orc wizard

Levels and vault maps discovered:
D:1:      dpeg_arrival_houses_and_road, layout_rooms
D:2:      layout_basic, first_ration
D:3:      layout_loops_ring, doesnt_xom_only_xom
D:4:      layout_cave_pools, minmay_temple_entry_trees, serial_column_ruins,
          column_ruins_pillar_1, column_ruins_pillar_1, column_ruins_pillar_1,
          column_ruins_pillar_6, column_ruins_pillar_2, column_ruins_pillar_4,
          column_ruins_pillar_2, column_ruins_pillar_1, column_ruins_pillar_10,
          column_ruins_pillar_8, column_ruins_pillar_4, column_ruins_pillar_1,
          column_ruins_pillar_12, column_ruins_pillar_2,
          lightli_sewer_entry_pipes, minmay_fractal_squares_5

Skill      XL: |  1  2  3  4  5 |
---------------+----------------+-----
Stealth        | 1 2 3 4 |  4.5
Unarmed Combat | 3 4 5 |  5.1
Fighting       | |  3.0
Dodging        | |  3.0
Shields        | |  3.0

Action                   |  1- 3 |  4- 6 || total
-------------------------+-------+-------++-------
Melee: Unarmed           |    70 |    58 ||   128
       Constrict         |    20 |    12 ||    32
       Tentacles         |    14 |    10 ||    24
       Punch             |     3 |       ||     3
Throw: Stone             |     1 |       ||     1
 Abil: Evoke Berserk Rag |     1 |     3 ||     4
  Use: Potion            |       |     2 ||     2
       Scroll            |       |     8 ||     8
 Stab: Sleeping          |     1 |     5 ||     6
  Eat: Chunk             |       |     7 ||     7
Armor: Skin              |     4 |    11 ||    15
Dodge: Dodged            |    20 |    14 ||    34
Block: Kite shield       |    32 |    17 ||    49

Table legend:
 A = Non-vault XP
 B = Vault XP
 C = Vault XP percentage of total XP
 D = Non-vault monster count
 E = Vault monster count
 F = Vault count percentage of total count
                 A         B        C        D         E       F
            +---------+---------+-------+---------+---------+-------
      Total |     335 |       0 |   0.0 |      56 |       0 |   0.0
            +---------+---------+-------+---------+---------+-------
        D:1 |      38 |       0 |   0.0 |      22 |       0 |   0.0
        D:2 |     149 |       0 |   0.0 |      23 |       0 |   0.0
        D:3 |     148 |       0 |   0.0 |      11 |       0 |   0.0
            +---------+---------+-------+---------+---------+-------

Levels and vault maps discovered:
D:1:      dpeg_arrival_houses_and_road, layout_rooms
D:2:      layout_basic, first_ration
D:3:      layout_loops_ring, doesnt_xom_only_xom
D:4:      layout_cave_pools, minmay_temple_entry_trees, serial_column_ruins,
          column_ruins_pillar_1, column_ruins_pillar_1, column_ruins_pillar_1,
          column_ruins_pillar_6, column_ruins_pillar_2, column_ruins_pillar_4,
          column_ruins_pillar_2, column_ruins_pillar_1, column_ruins_pillar_10,
          column_ruins_pillar_8, column_ruins_pillar_4, column_ruins_pillar_1,
          column_ruins_pillar_12, column_ruins_pillar_2,
          lightli_sewer_entry_pipes, minmay_fractal_squares_5

Table legend:
 A = Turns spent in this place as a percentage of turns spent in the entire game.
 B = Non-inter-level travel turns spent in this place as a percentage of non-inter-level travel turns spent in the entire game.
 C = Inter-level travel turns spent in this place as a percentage of turns spent in this place.
 D = Turns resting spent in this place as a percentage of non-inter-level travel turns spent in this place.
 E = Turns spent auto-exploring this place as a percentage of non-inter-level travel turns spent in this place.
 F = Non-inter-level travel turns spent in this place divided by the number of levels of this place that you've seen.
                   A       B       C       D       E      F
               +-------+-------+-------+-------+-------+----------------------
         Total | 100.0 | 100.0 |   4.2 |  22.4 |  56.6 | 591.5
       Dungeon | 100.0 | 100.0 |   4.2 |  22.4 |  56.6 | 591.5
               +-------+-------+-------+-------+-------+----------------------

Table legend:
 A = Kills in this place as a percentage of kills in entire the game.
 B = Kills by you in this place as a percentage of kills by you in the entire game.
 C = Kills by friends in this place as a percentage of kills by friends in the entire game.
 D = Other kills in this place as a percentage of other kills in the entire game.
 E = Experience gained in this place as a percentage of experience gained in the entire game.
 F = Experience gained in this place divided by the number of levels of this place that you have seen.
                   A       B       C       D       E      F
               +-------+-------+-------+-------+-------+----------------------
         Total | 100.0 | 100.0 |   N/A |   N/A | 100.0 |  83.8
       Dungeon | 100.0 | 100.0 |   N/A |   N/A | 100.0 |  83.8
               +-------+-------+-------+-------+-------+----------------------
